 Dungeon Crawl Stone Soup version 0.20.1-1-g8b1a95d (webtiles) character file.

507 valak24 the Slasher (level 6, -1/53 HPs)
             Began as a Draconian Fighter on July 15, 2017.
             Killed from afar by an orc wizard (8 damage)
             ... with a magic dart
             ... on level 4 of the Dungeon.
             The game lasted 00:08:40 (2657 turns).

valak24 the Slasher (Draconian Fighter)             Turns: 2657, Time: 00:08:40

Health: -1/53      AC:  7    Str: 18 (20) XL:     6   Next: 97%
Magic:  6/6        EV: 11    Int:  6 (8)  God:
Gold:   160        SH: 12    Dex: 11      Spells: 5/5 levels left

rFire    + . .     SeeInvis .   a - +1 long sword
rCold    . . .     Gourm    .   b - +0 shield
rNeg     . . .     Faith    .   (armour unavailable)
rPois    .         Spirit   .   (helmet restricted)
rElec    .         Reflect  +   (no cloak)
rCorr    .         Harm     .   (no gloves)
MR       .....                  f - +0 pair of boots
Stlth    ++........             s - +3 amulet of reflection
Regen    0.2/turn               h - ring of protection from fire
MPRegen  0.1/turn               (no ring)

@: hasted, very quick
A: unfitting armour, antennae 1, blink, cold-blooded, AC +6
a: Blink


You were on level 4 of the Dungeon.
You were not hungry.

You visited 1 branch of the dungeon, and saw 4 of its levels.

You collected 160 gold pieces.

Inventory:

Hand Weapons
 a - a +1 long sword (weapon)
Armour
 b - a +0 shield (worn)
 f - a +0 pair of boots (worn)
Jewellery
 h - a ring of protection from fire (left hand)
 j - an uncursed ring of flight
 s - a +3 amulet of reflection (around neck)
Wands
 o - a wand of lightning (2/15)
Scrolls
 i - 2 scrolls of teleportation
 l - a scroll of recharging
 m - 2 scrolls of identify
 p - a scroll of enchant armour
 r - a scroll of magic mapping
Potions
 c - 3 potions of might
 g - a potion of degeneration
Comestibles
 d - a bread ration
 k - 2 meat rations
 n - a royal jelly


   Skills:
 * Level 4.4 Fighting
 * Level 5.0 Long Blades
 * Level 4.3 Dodging
 + Level 1.3 Stealth
 * Level 4.0 Shields


You had 5 spell levels left.
You didn't know any spells.

Dungeon Overview and Level Annotations

Branches:
Dungeon (4/15)
 Temple: D:4-7

Altars:
Ru

Shops:
D:4 =


Innate Abilities, Weirdness & Mutations

Your plain brown scales are hard. (AC +6)
You cannot fit into any form of body armour.
You are cold-blooded and may be slowed by cold attacks.
You have a pair of small antennae on your head.
You can translocate small distances at will.


Message History

You kill the orc wizard!
Your Long Blades skill increases to level 5!
You block the orc's attack. Something hits you.
* * * LOW HITPOINT WARNING * * *
It was a potion of magic.
Magic courses through your body. You block the orc's attack.
Something hits you but does no damage.
You feel yourself speed up. The orc hits you with a war axe.
* * * LOW HITPOINT WARNING * * *
Something hits you but does no damage.
You closely miss the orc. The orc hits you with a war axe.
* * * LOW HITPOINT WARNING * * *
Something hits you but does no damage.
You closely miss the orc. You closely miss the orc.
Something hits you but does no damage. You block the orc's attack.
You closely miss the orc.
You hear some strange, mumbled words.
A magic dart appears from out of thin air!
The magic dart hits you!
You die...

#.#..o.....#
#.#........#
#..........#
##.o.......#
#..########
##.#
####.########
#....)).....#
#.....{@....#
#.....o.....#
#......[#####
#.......#
#######.# #.#
#.. ##.# ?.


You could see an orc.

Vanquished Creatures
  Sigmund (D:3)
  A phantom (D:4)
  A scorpion (D:4)
  An orc wizard (D:4)
  Ijyb (D:4)
  A worker ant (D:4)
  Robin (D:2)
  3 adders
  A shadow imp (D:3)
  An ooze (D:4)
  A worm (D:3)
  2 dart slugs
  2 leopard geckos
  3 orcs
  6 giant cockroaches
  8 hobgoblins
  10 jackals
  8 kobolds
  A quokka (D:4)
  6 bats
  4 frilled lizards
  12 goblins
  6 rats
81 creatures vanquished.

Notes
Turn   | Place    | Note
-------+----------+-------------------------------------------
     0 | D:1      | valak24 the Draconian Fighter began the quest for the Orb.
     0 | D:1      | Reached XP level 1. HP: 19/19 MP: 1/1
   229 | D:1      | Reached XP level 2. HP: 26/26 MP: 2/2
   687 | D:1      | Reached XP level 3. HP: 19/31 MP: 3/3
   991 | D:2      | Gained mutation: Your large and strong wings let you fly indefinitely. [potion of mutation]
   991 | D:2      | Gained mutation: You have a pair of small horns on your head. [potion of mutation]
  1191 | D:2      | Reached XP level 4. HP: 39/39 MP: 4/4
  1458 | D:2      | Noticed Robin
  1464 | D:2      | Killed Robin
  1530 | D:3      | Noticed Sigmund
  1543 | D:3      | Killed Sigmund
  1543 | D:3      | Reached skill level 4 in Long Blades
  1543 | D:3      | Reached XP level 5. HP: 46/46 MP: 5/5
  1679 | D:3      | Reached XP level 6. HP: 51/52 MP: 6/6
  2022 | D:3      | Found a sacrificial altar of Ru.
  2191 | D:3      | Lost mutation: You have a pair of small horns on your head. [potion of mutation]
  2191 | D:3      | Lost mutation: Your large and strong wings let you fly indefinitely. [potion of mutation]
  2191 | D:3      | Gained mutation: You can translocate small distances at will. [potion of mutation]
  2191 | D:3      | Gained mutation: You have a pair of small antennae on your head. [potion of mutation]
  2278 | D:4      | Found Suny's Jewellery Emporium.
  2356 | D:4      | Reached skill level 1 in Stealth
  2554 | D:4      | Noticed Ijyb
  2567 | D:4      | Killed Ijyb
  2651 | D:4      | Reached skill level 5 in Long Blades
  2657 | D:4      | Killed from afar by an orc wizard

Skill      XL: |  1  2  3  4  5  6 |
---------------+-------------------+-----
Dodging        | 3 4 |  4.3
Fighting       | 4 |  4.4
Long Blades    | 4 5 |  5.0
Stealth        | 1 |  1.3
Shields        | 4 |  4.0

Action                   |  1- 3 |  4- 6 || total
-------------------------+-------+-------++-------
Melee: Long sword        |    93 |   121 ||   214
       Tailslap          |    10 |    10 ||    20
       Headbutt          |     5 |     7 ||    12
 Abil: Fly               |     1 |       ||     1
  Use: Scroll            |     3 |     7 ||    10
       Potion            |     1 |    10 ||    11
 Stab: Sleeping          |       |     1 ||     1
  Eat: Bread ration      |     1 |     1 ||     2
Armor: Skin              |    38 |    25 ||    63
Dodge: Dodged            |    55 |    49 ||   104
Block: Shield            |    37 |    65 ||   102
       Rpst.: Long sword |    15 |    14 ||    29
